 Dungeon Crawl Stone Soup version 0.31.0-11-ge490571c62 (webtiles) character file.

Game seed: 8120159644084376643

1531156 seandewar5 the Peltast (level 26, 173/173 HPs)
             Began as a Tengu Berserker on Jan 30, 2024.
             Was a High Priest of Trog.
             Escaped with the Orb
             ... and 3 runes on Jan 31, 2024!
             The game lasted 04:09:54 (79249 turns).

seandewar5 the Peltast (Tengu Berserker)           Turns: 79249, Time: 04:09:55

Health: 173/173    AC: 40    Str: 29    XL:     26   Next: 65%
Magic:  24/24      EV: 26    Int: 18    God:    Trog [*****.]
Gold:   4721       SH: 25    Dex: 29    Spells: 25/25 levels left

rFire   + + +        b - +9 quick blade (spect)
rCold   + . .        X - +0 tower shield
rNeg    . . .        q - +9 gold dragon scales
rPois   +            T - +1 hat {Will+}
rElec   +            E - +2 cloak
rCorr   .            e - +2 pair of gloves {Stlth+}
SInv    .            (boots unavailable)
Will    ++...        i - amulet of the Unstoppable Yaks {rPois Regen+ Str+5} Stlth
                     v - ring "Lanliac" {rPois Int+7 Dex+6 Stlth-}
HPRegen 1.28/turn    d - ring of Polytheism {^Contam rElec rF+++ Str+6 Int+5}
MPRegen 0.19/turn

%: acrobat
@: flying
A: beak, talons 3, evasive flight, acrobatic, dopey 2
0: Orb of Zot
}: 3/15 runes: barnacled, silver, gossamer
a: Renounce Religion, Berserk, Trog's Hand, Brothers in Arms


You escaped.
You worshipped Trog.
Trog was extremely pleased with you.
You visited 10 branches of the dungeon, and saw 48 of its levels.
You also visited: Desolation.

You collected 7660 gold pieces.
You spent 2939 gold pieces at shops.

Inventory:

Hand Weapons
 a - the +12 scimitar of the Impish God {freeze, rElec Dex+3 Stlth+}
   (You found it on level 3 of the Elven Halls)

   Dex+3:     It affects your dexterity (+3).
   rElec:     It insulates you from electricity.
   Stlth+:    It makes you more stealthy.
 b - a +9 spectral quick blade (weapon)
Missiles
 A - 9 throwing nets {!f =f}
 M - 18 silver javelins
 R - 3 darts of dispersal
Armour
 e - a +2 pair of gloves of stealth (worn)
 q - +9 gold dragon scales (worn)
 E - a +2 cloak (worn)
 P - a scarf of resistance
 S - the +5 chain mail of Diosos {rElec rN+ Regen+ Int-2}
   (You bought it in a shop on level 3 of the Shoals)

   Int-2:     It affects your intelligence (-2).
   rElec:     It insulates you from electricity.
   rN+:       It protects you from negative energy.
   Regen+:    It increases your rate of health regeneration.
 T - a +1 hat of willpower (worn)
 X - a +0 tower shield (worn)
Jewellery
 d - the ring of Polytheism (right hand) {^Contam rElec rF+++ Str+6 Int+5}
   (You found it on level 1 of the Vaults)

   [ring of strength]

   Str+6:     It affects your strength (+6).
   Int+5:     It affects your intelligence (+5).
   rF+++:     It renders you almost immune to fire.
   rElec:     It insulates you from electricity.
   ^Contam:   It causes magical contamination when unequipped.
 i - the amulet of the Unstoppable Yaks (around neck) {rPois Regen+ Str+5}
   (You found it on level 3 of the Elven Halls)

   [amulet of regeneration]

   Str+5:     It affects your strength (+5).
   rPois:     It protects you from poison Regen+: It increases your rate of
   health regeneration.
 t - a ring of protection from cold
 v - the ring "Lanliac" (left hand) {rPois Int+7 Dex+6 Stlth-}
   (You found it on level 2 of the Elven Halls)

   [ring of dexterity]

   Int+7:     It affects your intelligence (+7).
   Dex+6:     It affects your dexterity (+6).
   rPois:     It protects you from poison Stlth-: It makes you less stealthy.
 w - a ring of resist corrosion
 B - an amulet of reflection
 F - a ring of see invisible
Wands
 g - a wand of iceblast (27)
 p - a wand of polymorph (17)
 z - a wand of quicksilver (41)
 G - a wand of mindburst (25)
 U - a wand of charming (37)
 Y - a wand of digging (3)
Scrolls
 c - 6 scrolls of fear
 f - 10 scrolls of teleportation {!r}
 k - a scroll of revelation
 l - 6 scrolls of fog
 m - 4 scrolls of blinking
 n - a scroll of torment
 r - 6 scrolls of vulnerability
 u - 4 scrolls of immolation
 O - 12 scrolls of poison {!r}
 W - 3 scrolls of summoning
 Z - 3 scrolls of silence {!r}
Potions
 h - 2 potions of cancellation {!q}
 j - 11 potions of attraction
 o - a potion of might
 s - 17 potions of curing
 x - 6 potions of heal wounds
 C - 4 potions of ambrosia {!q}
 D - 4 potions of haste
 H - 4 potions of mutation
 I - 4 potions of enlightenment
 J - 6 potions of lignification
 K - 4 potions of magic
 L - a potion of invisibility
 N - 3 potions of resistance
Miscellaneous
 y - a phantom mirror
 Q - a condenser vane
 V - a phial of floods


   Skills:
 - Level 19.9 Fighting
 - Level 17.5(19.9) Short Blades
 - Level 15.9(19.1) Long Blades
 + Level 14.5 Throwing
 - Level 19.9 Armour
 - Level 19.9 Dodging
 - Level 4.2 Stealth
 - Level 19.9 Shields
 + Level 13.0 Evocations


You had 25 spell levels left.
You didn't know any spells.
Your spell library was empty.

Dungeon Overview and Level Annotations

Branches:
Dungeon (15/15)            Temple (1/1) D:4            Lair (5/5) D:9
 Shoals (4/4) Lair:2       Spider (4/4) Lair:2        Slime (0/5) Lair:5
    Orc (2/2) D:9             Elf (3/3) Orc:2        Vaults (5/5) D:13
  Crypt (0/3) Vaults:2     Depths (4/4) D:15            Zot (5/5) Depths:4
Desolation (visited)

Altars:
Ashenzari
Cheibriados
Dithmenos
Elyvilon
Fedhas
Gozag
Hepliaklqana
Kikubaaqudgha
Makhleb
Nemelex Xobeh
Okawaru
Qazlal
Ru
Sif Muna
Trog
Uskayaw
Vehumet
Wu Jian
Xom
Yredelemnul
Zin
The Shining One
Jiyva

Shops:
D:4 *   D:14 =   Orc:2 =[*:   Elf:1 *   Elf:2 ?   Elf:3 :==   Shoals:3 [?(
Vaults:5 ?   Depths:4 (

Portals:
Hell: Lair:5 Depths:1 Depths:2 Depths:3 Depths:4
Abyss: Depths:3 Depths:4
Pandemonium: Depths:2
Ziggurat: Depths:1

Annotations:
D:3 exclusion: oklob plant
D:6 3 runed translucent doors, MrCrawl's ghost, novice DrFE
D:8 3 runed translucent doors, Skimidon's ghost, novice MiFi
D:9 1 runed translucent door
D:12 exclusion: downstairs
Lair:5 1 runed translucent door
Shoals:2 exclusion: kraken
Shoals:4 Roxanne
Spider:2 1 runed translucent door, Cumomo's ghost, adept SpEn
Zot:5 exclusion: door


Innate Abilities, Weirdness & Mutations

You have a beak for a mouth.
You have claws for feet.
Your magical flight helps you evade attacks. (EV +4)
You can magically evade attacks while moving or waiting.
You are very dopey. (Int -4)


Message History

You fly upwards.
Level annotation: 1 runed translucent door
There is a stone staircase leading down here.
Things that are here:
a +0 plate armour; a +0 orcbow; a +0 trident
There is a stone staircase leading up, spattered with blood here.
You fly upwards.
Level annotation: 3 runed translucent doors, Skimidon's ghost, novice MiFi
There is a stone staircase leading down here.
A Hell Sentinel comes into view.
You can't go up here!
There is a stone staircase leading up here.
You fly upwards.
There is a stone staircase leading down here.
A troll is nearby!
You can't go up here!
The troll shouts!
There is a stone staircase leading up here.
You fly upwards.
Level annotation: 3 runed translucent doors, MrCrawl's ghost, novice DrFE
There is a stone staircase leading down, spattered with blood here.
Things that are here:
a +0 robe; a +0 dagger
There is an escape hatch in the ceiling, spattered with blood here.
A mysterious force pulls you upwards. The hatch slams shut behind you.
There is a stone staircase leading up here.
You fly upwards.
There is a stone staircase leading down here.
There is a stone staircase leading up here.
You fly upwards.
Level annotation: exclusion: oklob plant
There is a stone staircase leading down here.
There is a stone staircase leading up here.
You fly upwards.
There is a stone staircase leading down here.
There is a stone staircase leading up here.
You fly upwards.
There is a stone staircase leading down here.
There is a staircase leading out of the dungeon here.
You have escaped!

.# #....[..# #..# .# #.......#
##.# .# #.......#####.######## .#
##.....#........#....# .#
##...##..>#.####'##.# .####
#....#...####....##.# ....#
#.#....####.......#.# .##.#
#.#.#####......#:.#.#
.##.###.#.###...@..)####..#
....##............#####...#
###.......##..#>#####.....#######
..........##..#####.......##.....
###..#..#.##.####.........##.###.
.###.#.......##.......###.##.#...
#.##.####.##.#....##..##.......#.
##.#......##...########.####.....
##.####...##### #.# ######


There were no monsters in sight!

Vanquished Creatures
  A pandemonium lord (D:12)
  An orb of fire (Zot:1)
  A dread lich (Vaults:5)
  2 ancient liches
  Saint Roka (Depths:1)
  Bai Suzhen (Shoals:2)
  Margery (Depths:1)
  A caustic shrike (Depths:3)
  4 golden dragons
  A bone dragon (Depths:4)
  Norris (Depths:2)
  An electric golem (Zot:2)
  9 tentacled monstrosities
  Rupert (Lair:5)
  4 deep elf blademasters (Elf:3)
  4 Orb Guardians
  A lich (Depths:4)
  2 deep elf master archers (Elf:3)
  A searing wretch (Depths:1)
  7 quicksilver dragons
  6 titans
  10 sphinxes
  Polyphemus (Shoals:3)
  9 storm dragons
  5 tengu reavers
  8 shadow dragons
  Aizul (Spider:1)
  9 draconian monks
  3 draconian knights
  2 protean progenitors (Zot:2)
  8 fire giants
  A draconian shifter (Zot:2)
  7 frost giants
  4 deep elf elementalists
  3 emperor scorpions
  26 vault wardens
  An iron dragon (Depths:3)
  5 draconian stormcallers
  3 imperial myrmidons (Desolation)
  3 deep elf sorcerers (Elf:3)
  2 angels (Vaults:4)
  4 ghost moths
  2 spriggan defenders (Depths:4)
  A curse skull (Vaults:2)
  2 draconian scorchers
  A broodmother (Spider:4)
  2 draconian annihilators (Depths:4)
  17 very ugly things
  12 stone giants
  Nessos (D:12)
  A caustic shrike skeleton (Depths:1)
  6 green draconians
  18 ironbound preservers
  14 deep elf death magi
  A vampire knight (Depths:2)
  7 ironbound thunderhulks
  6 deep elf demonologists
  A lorocyproca (D:12)
  6 deep elf annihilators
  6 black draconians
  4 white draconians
  2 halazid warlocks (Desolation)
  2 purple draconians (Zot:2)
  13 dire elephants
  2 war gargoyles (Vaults:5)
  12 red draconians
  8 spark wasps
  3 yellow draconians
  Snorg (D:13)
  11 ettins
  Josephine (Orc:2)
  12 merfolk impalers
  A crystal guardian (Vaults:4)
  4 merfolk javelineers
  10 deep elf high priests
  2 entropy weavers
  13 yaktaur captains
  13 fire dragons
  4 rakshasas
  9 great orbs of eyes
  35 vault guards
  6 servants of whispers (Desolation)
  5 hydras
  3 catoblepae
  3 ragged hierophants (Desolation)
  6 peacekeepers
  5 ogre magi
  3 alligators
  16 ice dragons
  4 radroaches
  5 jorogumos
  9 ironbound frosthearts
  8 boulder beetles
  3 merfolk avatars
  19 centaur warriors
  3 alligator snapping turtles
  4 merfolk aquamancers
  2 spriggan air magi
  A death knight (D:13)
  19 two-headed ogres
  A satyr (Shoals:4)
  28 dancing weapons
  A two-headed ogre (shapeshifter) (Vaults:3)
  A sphinx skeleton (Vaults:3)
  3 deep troll earth magi
  12 demonic crawlers
  2 occultists
  5 deep troll shamans
  7 death yaks
  2 vampire magi
  Urug (Orc:1)
  2 spriggan berserkers
  5 tengu warriors
  16 deep elf knights
  2 sun demons
  2 hell knights (Depths:1)
  An orc high priest (Depths:1)
  3 iron trolls
  9 sea snakes
  7 skysharks
  4 pharaoh ants
  11 glowing orange brains
  47 deep trolls
  An orb spider (shapeshifter) (Elf:2)
  2 glowing orange brains (shapeshifter) (Vaults:5)
  A deep troll (shapeshifter) (Depths:2)
  8 orb spiders
  A sun moth (Spider:4)
  5 arcanists
  A shadow demon (D:15)
  9 deep elf archers
  6 necromancers
  2 orc knights
  28 harpies
  5 phantasmal warriors
  A flayed ghost (Depths:3)
  12 ironbound convokers
  10 lindwurms
  26 deep elf zephyrmancers
  24 deep elf pyromancers
  A steelbarb worm (Spider:1)
  An orc sorcerer (Orc:2)
  18 wolf spiders
  10 cyclopes
  3 worldbinders (Vaults:2)
  A shining eye (Depths:1)
  A shining eye (shapeshifter) (Vaults:5)
  20 moths of wrath
  41 ugly things
  Maurice (D:7)
  2 fauns (Shoals:1)
  6 merfolk sirens
  9 manticores
  23 slime creatures
  A water nymph (shapeshifter) (Vaults:5)
  4 guardian serpents (Desolation)
  3 meliai (D:14)
  28 elephants
  4 kobold blastminers
  7 water nymphs
  A molten gargoyle (Lair:4)
  9 black mambas
  2 orange demons (Lair:5)
  A gargoyle (D:11)
  17 cane toads
  2 human zombies (Vaults:3)
  23 vault sentinels
  2 cane toads (shapeshifter)
  4 torpor snails
  Jeremiah (D:7)
  An unseen horror (D:11)
  2 rime drakes (Lair:5)
  30 yaktaurs
  5 freezing wraiths
  2 kobold demonologists
  An efreet (D:13)
  2 spriggan skeletons (Depths:1)
  3 tengu conjurers
  7 komodo dragons
  2 ice devils (Lair:3)
  2 red devils (Lair:5)
  A hellwing (Lair:5)
  35 merfolk
  A guardian serpent (shapeshifter) (Vaults:5)
  18 trolls
  A polar bear (Lair:2)
  A tarantella (shapeshifter) (Elf:2)
  6 hornets (Spider:4)
  19 tarantellas
  10 wind drakes
  A glass eye (shapeshifter) (D:15)
  2 glass eyes
  37 saltlings (Desolation)
  Prince Ribbit (D:6)
  37 blink frogs
  17 dream sheep
  A snapping turtle (shapeshifter) (D:13)
  5 snapping turtles
  A frost giant simulacrum (Vaults:3)
  18 jumping spiders
  An ettin skeleton (Depths:1)
  20 culicivoras
  17 water elementals
  2 vampires
  46 yaks
  A hog (D:9)
  11 wraiths
  A fire elemental (Lair:4)
  3 fire bats (Lair:4)
  4 wyverns
  10 basilisks
  11 humans (D:12)
  A basilisk (shapeshifter) (D:13)
  3 wargs
  48 redbacks
  6 vampire mosquitoes
  An acid dragon (D:10)
  21 water moccasins
  4 hell hounds (Lair:5)
  Duvessa (D:7)
  3 ice beasts
  A hornet zombie (D:6)
  2 laughing skulls (D:13)
  2 black bears
  2 sky beasts (D:6)
  21 orc warriors
  22 ogres
  3 wolves (Lair:2)
  3 boggarts (Vaults:2)
  5 centaurs
  3 phantoms (D:6)
  4 kobold brigands
  12 bullfrogs
  5 earth elementals
  2 wyvern zombies (D:6)
  2 gnoll sergeants
  3 scorpions
  4 wights (D:9)
  Dowan (D:7)
  A killer bee (D:4)
  17 howler monkeys
  8 electric eels
  2 bombardier beetles
  2 bullfrog zombies (D:6)
  2 hounds
  An iron imp (D:12)
  9 orc priests
  A bullfrog skeleton (D:6)
  3 jellies
  Ijyb (D:3)
  3 iguanas
  A sleepcap (D:4)
  17 orc wizards
  Terence (D:3)
  A killer bee zombie (D:6)
  8 adders
  3 gnolls (D:12)
  A river rat (D:9)
  A white imp (D:8)
  2 ribbon worms
  4 dart slugs
  41 orcs
  8 ball pythons
  9 endoplasms
  2 giant cockroaches (D:4)
  14 hobgoblins
  7 jackals
  8 quokkas
  5 bats
  2 frilled lizards
  6 goblins
  16 kobolds
  7 rats
1911 creatures vanquished.

Vanquished Creatures (collateral kills)
  A juggernaut (Depths:4)
  Parghit (Depths:3)
  A tentacled monstrosity (Depths:4)
  A titan (Vaults:5)
  A tengu reaver (Vaults:5)
  A fire giant (Depths:2)
  A deep elf sorcerer (Elf:3)
  A vampire knight (Depths:2)
  A deep elf death mage (Elf:3)
  A crystal guardian (Desolation)
  A deep elf high priest (Vaults:5)
  2 vault guards (Vaults:5)
  2 ragged hierophants (Desolation)
  3 peacekeepers (Desolation)
  A centaur warrior (Vaults:1)
  A servant of whispers (Desolation)
  A dancing weapon (Elf:3)
  An orc high priest (Depths:1)
  A hell knight (Depths:1)
  2 orc knights
  3 orc sorcerers
  A guardian serpent (Desolation)
  13 saltlings (Desolation)
  An orc (Vaults:5)
43 creatures vanquished.

Vanquished Creatures (others)
  A white draconian (Depths:4)
  A vampire mage (Depths:2)
  3 deep elf knights
  A deep elf pyromancer (Elf:1)
  2 deep elf zephyrmancers
  105 spectral weapons
113 creatures vanquished.

Grand Total: 2067 creatures vanquished

Notes
Turn   | Place    | Note
-------+----------+-------------------------------------------
     0 | D:1      | seandewar5 the Tengu Berserker began the quest for the Orb.
     0 | D:1      | Reached XP level 1. HP: 14/14 MP: 2/2
   346 | D:1      | Reached XP level 2. HP: 19/19 MP: 3/3
   897 | D:2      | Reached XP level 3. HP: 23/24 MP: 4/4
  1573 | D:2      | Reached ** piety under Trog
  1672 | D:2      | Reached XP level 4. HP: 28/29 MP: 5/5
  1912 | D:2      | Reached skill level 1 in Short Blades
  1975 | D:2      | Found a faded altar of an unknown god.
  2256 | D:3      | Noticed Terence
  2268 | D:3      | Found a glowing golden altar of the Shining One.
  2711 | D:3      | Killed Terence
  2776 | D:3      | Reached XP level 5. HP: 34/34 MP: 6/6
  2852 | D:3      | Noticed Ijyb
  2887 | D:3      | Found a blossoming altar of Fedhas.
  2903 | D:3      | Noticed an oklob plant
  2965 | D:3      | Killed Ijyb
  2966 | D:3      | Reached skill level 1 in Stealth
  3699 | D:4      | Noticed an ogre
  3730 | D:4      | Killed an ogre
  3731 | D:4      | Reached skill level 5 in Fighting
  3731 | D:4      | Reached XP level 6. HP: 40/40 MP: 7/7
  4228 | D:4      | Noticed a water moccasin
  4579 | D:4      | Found a staircase to the Ecumenical Temple.
  4585 | Temple   | Entered the Ecumenical Temple
  4832 | D:4      | Killed a water moccasin
  4833 | D:4      | Gained mutation: Your magical flight helps you evade
                  | attacks. (EV +4) [Tengu growth]
  4833 | D:4      | Reached XP level 7. HP: 44/44 MP: 8/8
  5071 | D:4      | Found Koeghili's General Store.
  5074 | D:4      | Bought a potion of lignification for 36 gold pieces
  5074 | D:4      | Bought a scroll of enchant armour for 90 gold pieces
  5074 | D:4      | Bought a scroll of fear for 48 gold pieces
  5496 | D:5      | Entered Level 5 of the Dungeon
  5939 | D:5      | Reached XP level 8. HP: 46/51 MP: 9/9
  6718 | D:5      | Found a shimmering altar of Xom.
  6772 | D:6      | Reached skill level 5 in Short Blades
  7348 | D:6      | Reached skill level 5 in Armour
  7419 | D:6      | Found a runed translucent gate.
  7420 | D:6      | Found a runed translucent gate.
  7421 | D:6      | Found a runed translucent gate.
  7983 | D:6      | Reached XP level 9. HP: 57/57 MP: 10/10
  8201 | D:6      | You are sucked into a shaft and drop 1 floor!
  8268 | D:7      | Noticed Duvessa
  8268 | D:7      | Noticed Dowan
  8289 | D:7      | Killed Duvessa
  8295 | D:7      | Killed Dowan
  8381 | D:7      | Noticed Maurice
  8700 | D:6      | Reached *** piety under Trog
  9410 | D:6      | Noticed MrCrawl's ghost (novice DrFE)
  9503 | D:7      | Noticed Prince Ribbit
  9512 | D:6      | Killed Prince Ribbit
  9763 | D:7      | Noticed a troll
  9817 | D:6      | Reached XP level 10. HP: 66/66 MP: 11/11
  9881 | D:7      | Noticed Jeremiah
 10172 | D:7      | Killed Maurice
 10477 | D:8      | Identified the +1 dagger "Ywakula" {chaos, rPois}
 10603 | D:8      | Found a runed translucent gate.
 10611 | D:8      | Found a runed translucent gate.
 10611 | D:8      | Found an opulent altar of Gozag.
 10613 | D:8      | Found a runed translucent gate.
 10614 | D:8      | Noticed a centaur warrior
 10614 | D:8      | Noticed Skimidon's ghost (novice MiFi)
 11138 | D:9      | Found a staircase to the Orcish Mines.
 11213 | D:9      | Found a broken altar of Ashenzari.
 11261 | D:9      | Noticed a two-headed ogre
 11261 | D:9      | Noticed a kobold demonologist
 11352 | D:9      | Reached skill level 10 in Fighting
 11546 | D:9      | Noticed a two-headed ogre
 11557 | D:9      | Killed a two-headed ogre
 11558 | D:9      | Reached skill level 1 in Throwing
 11558 | D:9      | Reached skill level 1 in Evocations
 11678 | D:9      | Noticed a rust devil
 11681 | D:9      | Killed a kobold demonologist
 11778 | D:9      | Found a staircase to the Lair.
 11781 | D:9      | Noticed a death yak
 11785 | D:9      | Noticed a death yak
 11897 | D:9      | Found a glowing silver altar of Zin.
 12040 | D:9      | Noticed a death yak
 12064 | D:9      | Killed a death yak
 12427 | D:9      | Killed a death yak
 12428 | D:9      | Reached skill level 5 in Long Blades
 12434 | D:9      | Killed a death yak
 12435 | D:9      | Reached XP level 11. HP: 72/73 MP: 12/12
 12642 | D:9      | Found a runed translucent door.
 12642 | D:9      | Noticed a necromancer
 12643 | D:9      | Noticed a manticore
 12649 | D:9      | Killed a manticore
 12695 | D:9      | Found a runed translucent door.
 12743 | D:9      | Found a staircase to the Orcish Mines.
 12765 | D:9      | Found a staircase to the Lair.
 12776 | D:9      | Killed a two-headed ogre
 12911 | D:9      | Found a glowing silver altar of Zin.
 12943 | D:9      | Found a broken altar of Ashenzari.
 13545 | D:7      | Killed Jeremiah
 13964 | D:5      | Found a shimmering altar of Xom.
 15081 | D:4      | Found Koeghili's General Store.
 15334 | D:10     | Entered Level 10 of the Dungeon
 15813 | D:10     | Found a snail-covered altar of Cheibriados.
 16671 | D:11     | Noticed a cyclops
 17376 | D:11     | Noticed a two-headed ogre
 17381 | D:11     | Killed a two-headed ogre
 17382 | D:11     | Reached skill level 5 in Dodging
 17891 | D:11     | Killed a cyclops
 18462 | D:11     | Identified the +7 orcbow of Baitzio {speed, ^Drain rPois
                  | rN++ rCorr}
 19291 | D:11     | Noticed a two-headed ogre
 19332 | D:11     | Killed a two-headed ogre
 19597 | Lair:1   | Entered Level 1 of the Lair of Beasts
 19748 | Lair:1   | Reached XP level 12. HP: 81/81 MP: 13/13
 21249 | Lair:2   | Identified the +2 robe of Day {rPois rN+}
 21366 | Lair:2   | Found a staircase to the Shoals.
 21766 | Lair:2   | Reached skill level 10 in Long Blades
 22246 | Lair:2   | Found a hole to the Spider Nest.
 22247 | Lair:2   | Noticed a six-headed hydra
 22256 | Lair:2   | Killed a six-headed hydra
 22395 | Lair:1   | Reached XP level 13. HP: 76/87 MP: 14/14
 24702 | Lair:4   | Reached skill level 10 in Armour
 25097 | Lair:4   | Reached skill level 10 in Dodging
 25152 | Lair:4   | Reached XP level 14. HP: 76/94 MP: 15/15
 25756 | Lair:4   | Reached **** piety under Trog
 26095 | Lair:5   | Entered Level 5 of the Lair of Beasts
 26320 | Lair:4   | Reached skill level 5 in Throwing
 27070 | Lair:5   | Found a runed translucent door.
 27071 | Lair:5   | Found a viscous altar of Jiyva.
 27071 | Lair:5   | Noticed an acid blob
 27071 | Lair:5   | Noticed an acid blob
 27073 | Lair:5   | Found a staircase to the Slime Pits.
 27073 | Lair:5   | Noticed an acid blob
 27164 | Lair:5   | Noticed a dire elephant
 27184 | Lair:5   | Killed a dire elephant
 27879 | Lair:5   | Noticed Rupert
 27879 | Lair:5   | Paralysed by Rupert for 5 turns
 27966 | Lair:5   | Killed Rupert
 27967 | Lair:5   | Reached skill level 15 in Fighting
 28317 | Lair:5   | Found a burning altar of Makhleb.
 28323 | Lair:5   | Found a gateway to Hell.
 28514 | Lair:5   | Reached XP level 15. HP: 103/103 MP: 16/16
 29186 | D:12     | Reached ***** piety under Trog
 29764 | D:12     | Noticed Nessos
 29777 | D:12     | Killed Nessos
 30471 | D:12     | Received a gift from Trog
 30757 | D:12     | Found a shimmering altar of Xom.
 30763 | D:12     | Identified the granite talisman of Leaves {Slay+3}
 31176 | Orc:1    | Entered Level 1 of the Orcish Mines
 31176 | Orc:1    | Noticed Urug
 31268 | Orc:1    | Killed Urug
 31283 | Orc:1    | Noticed Sonja
 31505 | Orc:1    | Sonja changed into Sonja the hog
 31505 | Orc:1    | Noticed Sonja
 31511 | D:9      | Killed Sonja the hog
 32145 | Orc:2    | Entered Level 2 of the Orcish Mines
 32303 | Orc:2    | Found a staircase to the Elven Halls.
 32606 | Orc:2    | Reached skill level 15 in Long Blades
 33213 | Orc:2    | Found Sutof's General Store.
 33290 | Orc:2    | Found Hioll's Jewellery Emporium.
 33295 | Orc:2    | Found Entiukai's Book Boutique.
 33297 | Orc:2    | Bought a +1 hat of willpower for 256 gold pieces
 33297 | Orc:2    | Bought an amulet of reflection for 480 gold pieces
 33315 | Orc:2    | Found Bukhlysche's Antique Armour Shoppe.
 33324 | Orc:2    | Bought a pair of embroidered gloves for 172 gold pieces
 33486 | Orc:2    | Bought a runed scale mail for 161 gold pieces
 34046 | Orc:2    | Noticed Josephine
 34064 | Orc:2    | Killed Josephine
 35107 | D:13     | Reached skill level 1 in Shields
 35229 | D:13     | Noticed Snorg
 35243 | D:13     | Killed Snorg
 35363 | D:13     | Reached XP level 16. HP: 98/108 MP: 5/17
 36492 | D:13     | Reached skill level 5 in Shields
 36872 | D:13     | Found a gate to the Vaults.
 37625 | D:14     | Found Cash's Jewellery Emporium.
 38704 | D:14     | Found a stormy altar of Qazlal.
 38789 | D:15     | Entered Level 15 of the Dungeon
 39311 | D:15     | Found a bloodstained altar of Trog.
 39482 | D:14     | Bought a ring of protection from fire for 375 gold pieces
 39812 | D:15     | Found a staircase to the Depths.
 40187 | Spider:1 | Entered Level 1 of the Spider Nest
 40266 | Lair:2   | Reached skill level 10 in Shields
 41179 | Spider:1 | Identified the serpent talisman of the Fuzzy Alphagorgon
                  | {Str+4}
 41179 | Spider:1 | Noticed Aizul
 41199 | Spider:1 | Killed Aizul
 42320 | Spider:2 | Reached XP level 17. HP: 113/113 MP: 18/18
 42330 | Spider:2 | Noticed Cumomo's ghost (adept SpEn)
 42357 | Spider:2 | Found a runed translucent door.
 43213 | Spider:2 | You are sucked into a shaft and drop 1 floor!
 43932 | Spider:3 | Received a gift from Trog
 45160 | Spider:4 | Entered Level 4 of the Spider Nest
 45361 | Shoals:1 | Entered Level 1 of the Shoals
 45969 | Shoals:1 | Reached skill level 15 in Shields
 47441 | Shoals:2 | Noticed a kraken
 47667 | Shoals:3 | Noticed Bai Suzhen
 47674 | Shoals:3 | Found Cot Hesi's Antique Weapon Emporium.
 47814 | Shoals:3 | Found Noh Ezal's Magic Scroll Shop.
 47817 | Shoals:3 | Bought a scroll of fog for 68 gold pieces
 47818 | Shoals:3 | Reached XP level 18. HP: 120/120 MP: 19/19
 47819 | Shoals:3 | Bought a scroll of identify for 34 gold pieces
 47820 | Shoals:3 | Bought a scroll of identify for 34 gold pieces
 47965 | Shoals:3 | Noticed Polyphemus
 48318 | Shoals:3 | Killed Polyphemus
 48323 | Shoals:3 | Reached XP level 19. HP: 125/125 MP: 20/20
 48537 | Shoals:3 | Found Regoicw's Armour Shoppe.
 48545 | Shoals:3 | Bought the +5 chain mail of Diosos {rElec rN+ Regen+ Int-2}
                  | for 696 gold pieces
 48695 | Shoals:2 | Killed Bai Suzhen
 48768 | Shoals:4 | Entered Level 4 of the Shoals
 49501 | Shoals:4 | Got a barnacled rune of Zot
 49577 | Shoals:4 | Noticed Roxanne
 50110 | Shoals:4 | Identified the +1 sling "Nufunlal" {elec, rF- rN+ Int+4}
 50227 | Shoals:4 | Identified the amulet "Jittuta" {RegenMP rElec Int+2}
 51169 | Elf:1    | Entered Level 1 of the Elven Halls
 51287 | Elf:1    | Found Bicod's CLEARANCE SALE!.
 51350 | Elf:1    | Bought a scroll of fear for 20 gold pieces
 51884 | Elf:1    | Identified the ring "Ysukk" {Wiz rPois rN+ Str-4}
 52550 | Elf:2    | Identified the ring "Lanliac" {rPois Int+7 Dex+6 Stlth-}
 52609 | Elf:2    | Received a gift from Trog
 52761 | Elf:2    | Found Pimp's Magic Scroll Shop.
 52780 | Elf:2    | Bought a scroll of revelation for 105 gold pieces
 52835 | Elf:2    | Reached XP level 20. HP: 133/133 MP: 21/21
 53035 | Elf:2    | Found a runed translucent gate.
 53035 | Elf:2    | Found a runed translucent gate.
 53036 | Elf:2    | Found a runed translucent gate.
 53813 | Elf:2    | Received a gift from Trog
 53920 | Elf:3    | Entered Level 3 of the Elven Halls
 54537 | Elf:3    | Reached skill level 15 in Dodging
 54543 | Elf:3    | Reached skill level 15 in Armour
 54720 | Elf:3    | Found Oreck's Book Boutique.
 54720 | Elf:3    | Found Eruifrem's Jewellery Shoppe.
 54721 | Elf:3    | Found Xeusaska's Jewellery Shoppe.
 55784 | Elf:3    | Found the ring of the Mage {Wiz Archmagi}
 55795 | Elf:3    | Found the +7 hand cannon "Mule" {flame, backblast, rF+}
 55802 | Elf:3    | Identified the +12 scimitar of the Impish God {freeze,
                  | rElec Dex+3 Stlth+}
 55806 | Elf:3    | Identified the ring of Ocysk {MP+9 Dex+2}
 55807 | Elf:3    | Found the ring of Shadows {Umbra +Inv Stlth+}
 56189 | Elf:3    | Identified the amulet of the Unstoppable Yaks {rPois Regen+
                  | Str+5}
 57042 | Spider:4 | Reached XP level 21. HP: 139/139 MP: 22/22
 57304 | Spider:4 | Received a gift from Trog
 57959 | Spider:4 | Identified the +0 hat of Woonasef {^Contam rC- Regen+
                  | Int+9}
 57986 | Spider:4 | Got a gossamer rune of Zot
 58941 | Vaults:1 | Entered Level 1 of the Vaults
 59959 | Vaults:1 | Identified the ring of Polytheism {^Contam rElec rF+++
                  | Str+6 Int+5}
 60000 | Vaults:1 | Identified the amulet of Buseathra {RegenMP Str+6 Stlth-}
 60001 | Vaults:1 | Identified the ring of Pukkuro {Fly EV+5 Int+3}
 60788 | Vaults:2 | Identified the +3 ring mail of Untruth {rN+ Int+6 Dex+2}
 61223 | Vaults:2 | Received a gift from Trog
 61680 | Vaults:2 | Found a staircase to the Crypt.
 61691 | Vaults:2 | Reached XP level 22. HP: 145/147 MP: 23/23
 61961 | Vaults:2 | Found a runed translucent door.
 62579 | Vaults:3 | Reached ****** piety under Trog
 62862 | Vaults:3 | Received a gift from Trog
 63868 | Vaults:4 | Found a crumbling gateway.
 63922 | Vaults:4 | Found a glowing silver altar of Zin.
 63922 | Vaults:4 | Found a glowing golden altar of the Shining One.
 63924 | Vaults:4 | Found a white marble altar of Elyvilon.
 63929 | Desolati | Entered the Desolation of Salt
 64087 | Desolati | Identified the ring of Kiss {Ice Will+ Str+3 Int-5 SInv}
 64091 | Desolati | Identified the ring of Qooxtack {rF+ rN+ Will- Int+6}
 64095 | Desolati | Identified the +0 robe of Ziko {*Slow rN+ rCorr Str+4
                  | Int+4}
 64295 | Desolati | Identified the ring of Vaik Qeps {Wiz +Blink rElec rC+
                  | Slay-2}
 64306 | Desolati | Identified the amulet "Jeub" {Acrobat rC+}
 65108 | Vaults:4 | Reached XP level 23. HP: 155/155 MP: 24/24
 65169 | Vaults:4 | Received a gift from Trog
 65938 | Vaults:4 | Received a gift from Trog
 66599 | Depths:1 | Entered Level 1 of the Depths
 66599 | Depths:1 | Found a one-way gateway to a ziggurat.
 66666 | Depths:1 | Gained mutation: You are dopey. (Int -2) [a shining eye]
 67120 | Depths:1 | Noticed Margery
 67180 | Depths:1 | Identified the +2 demon blade of Trog's Wrath {flame, rC+
                  | Str+2} (Trog gifted it to you on level 1 of the Depths)
 67180 | Depths:1 | Received a gift from Trog
 67200 | Depths:1 | Noticed Saint Roka
 67222 | Depths:1 | Killed Saint Roka
 67244 | Depths:1 | Killed Margery
 67956 | Depths:2 | Noticed Norris
 67970 | Depths:2 | Killed Norris
 68047 | Depths:2 | Found a sacrificial altar of Ru.
 68290 | Depths:2 | Identified the +0 ring mail of the Sparrow {+Inv rElec rF+}
 68349 | Depths:2 | Reached skill level 10 in Short Blades
 68591 | Depths:2 | Reached XP level 24. HP: 156/162 MP: 24/24
 68599 | Depths:2 | Found a shadowy altar of Dithmenos.
 68629 | Depths:2 | Identified the +9 hand axe of Bread {freeze, rN++}
 68653 | Depths:2 | Identified the +1 leather armour "Jaud" {Int+4 Dex+3
                  | Stlth-}
 68853 | Depths:2 | Found a one-way gate leading to the halls of Pandemonium.
 68896 | Depths:3 | Found a one-way gate to the infinite horrors of the Abyss.
 69137 | Depths:3 | Received a gift from Trog
 69302 | Depths:3 | Found a glowing silver altar of Zin.
 69356 | Depths:3 | Noticed Parghit
 69367 | Depths:3 | Killed Parghit
 70318 | Depths:3 | Noticed a caustic shrike
 70349 | Depths:3 | Killed a caustic shrike
 70769 | Depths:4 | Entered Level 4 of the Depths
 70769 | Depths:4 | Found Cueschil's Weapon Shoppe.
 70903 | Depths:4 | Noticed a juggernaut
 70911 | Depths:4 | Killed a juggernaut
 71028 | Depths:4 | Identified the +0 leather armour of Rojuczay {Int+3}
 71257 | Depths:4 | Found a gate to the Realm of Zot.
 72119 | Vaults:5 | Entered Level 5 of the Vaults
 72133 | Vaults:5 | Reached skill level 5 in Evocations
 72321 | Vaults:5 | Reached skill level 15 in Short Blades
 72579 | Vaults:5 | Reached XP level 25. HP: 161/168 MP: 24/24
 72807 | Vaults:5 | Received a gift from Trog
 72852 | Vaults:5 | Noticed an ancient lich
 72868 | Vaults:5 | Killed an ancient lich
 72899 | Vaults:5 | Reached skill level 10 in Throwing
 73016 | Vaults:5 | Noticed a dread lich
 73039 | Vaults:5 | Killed a dread lich
 73563 | Vaults:5 | Identified the +3 pair of boots "Jadaun" {Int+2}
 73951 | Vaults:5 | Received a gift from Trog
 73962 | Vaults:5 | Found Popauqe's Magic Scroll Shop.
 73969 | Vaults:5 | Bought a scroll of fear for 60 gold pieces
 73972 | Vaults:5 | Got a silver rune of Zot
 74562 | Zot:1    | Entered Level 1 of the Realm of Zot
 75508 | Zot:1    | Identified the +4 glaive "Laklies" {flame, rF+ Will+}
 75690 | Zot:1    | Reached skill level 10 in Evocations
 75988 | Zot:1    | Reached XP level 26. HP: 151/173 MP: 24/24
 76108 | Zot:1    | Noticed an orb of fire
 76331 | Zot:1    | Noticed an ancient lich
 76354 | Zot:1    | Killed an ancient lich
 76404 | Zot:1    | Killed an orb of fire
 76449 | Zot:1    | Found a stormy altar of Qazlal.
 76861 | Orc:2    | Bought a potion of mutation for 128 gold pieces
 76861 | Orc:2    | Bought a potion of heal wounds for 80 gold pieces
 76861 | Orc:2    | Bought a scroll of teleportation for 48 gold pieces
 76861 | Orc:2    | Bought a scroll of teleportation for 48 gold pieces
 78456 | Zot:5    | Entered Level 5 of the Realm of Zot
 78662 | Zot:5    | Got the Orb of Zot
 78668 | Zot:5    | Noticed an orb of fire
 78668 | Zot:5    | Noticed an orb of fire
 78668 | Zot:5    | Noticed an orb of fire
 78668 | Zot:5    | Noticed a Killer Klown
 78668 | Zot:5    | Noticed an orb of fire
 78668 | Zot:5    | Noticed an orb of fire
 78670 | Zot:5    | Gained mutation: You are very dopey. (Int -4) [an orb of
                  | fire]
 78670 | Zot:5    | Noticed an orb of fire
 79003 | D:12     | Noticed Fungiz the pandemonium lord
 79014 | D:12     | Killed Fungiz the pandemonium lord
 79249 | D:$      | Escaped with the Orb!

Illustrated notes

Levels and vault maps discovered:
D:1:      dpeg_arrival_long_road, layout_loops_cross
D:2:      layout_loops_ring, chequers_ecumenical_altar_twisty,
          minmay_heptomino_l4
D:3:      layout_rooms, tgw_fedhas, mainiacjoe_overflow_boulevard,
          kennysheep_generic_room_2, uniq_terence, uniq_ijyb
D:4:      layout_loops_ring, minmay_temple_entry_hall, serial_shops,
          kennysheep_mini_moat, minmay_divided_ellipse
D:5:      layout_cave_pods, mainiacjoe_overflow_24_doors
D:6:      layout_loops_corners, gammafunk_ghost_necromancy, serial_undead,
          serial_undead_e, serial_undead_a, serial_undead_d, serial_undead_f,
          minivault_5, serial_bayou_lake_a
D:7:      layout_cave_pools, uniq_jeremiah, uniq_duvessa, uniq_maurice,
          uniq_prince_ribbit1
D:8:      layout_cave_pools, ebering_ghost_gozag
D:9:      layout_basic, zin_treasury, evilmike_ruin_ashenzari,
          dpeg_lair_monsters, orc_0_dummy, minivault_13
D:10:     layout_cave_pools, kennysheep_slug_shrine
D:11:     minmay_octagon_keep, layout_irregular_city
D:12:     erik_rubicon_b, layout_stronghold, minivault_22, roadster_trireme,
          uniq_nessos
D:13:     layout_small_grid, david_vaults_4,
          nicolae_concentric_dashed_squares_mild, uniq_snorg
D:14:     layout_small_grid, serial_shops, shop, grunt_qazlal_clouds
D:15:     grunt_enter_depths_hoard, layout_loops_ring, nrook_mini_backslash,
          trog_hazing_becter
Temple:   nicolae_temple_x_marks_the_god
Lair:1:   layout_cave_pods
Lair:2:   layout_cave_pods, shoals_dummy_entry, spider_nest_entry_web_field,
          lemuel_fruit_tree, infiniplex_staircase_pool_2
Lair:3:   layout_big_grid, portal_ice_cave_demonic_guard
Lair:4:   layout_gridlike, grunt_megastairs_4
Lair:5:   evil_forest, layout_hall_layers, slime_entry_2, minivault_19,
          minmay_shattered_shrine, serial_bayou_shore_b, uniq_rupert
Shoals:1: layout_shoals
Shoals:2: layout_shoals
Shoals:3: layout_shoals, serial_shops, nicolae_shop_trees,
          nicolae_shop_rolled_up, shop, uniq_bai_suzhen, uniq_polyphemus
Shoals:4: shoals_end_grunt_ice, layout_shoals, nicolae_shoals_mertower,
          uniq_roxanne
Spider:1: layout_spider_delve, hangedman_spider_tarantella_strand, uniq_aizul
Spider:2: layout_spider_delve, hellmonk_ghost_happy_afterlife
Spider:3: layout_spider_delve, drop_trap, nicolae_crawler_farm
Spider:4: spider_rune_water, nicolae_spider_bug_shape
Orc:1:    layout_caves, sword_in_stone, uniq_sonja
Orc:2:    st_orc_open, layout_caves, uniq_josephine
Elf:1:    minmay_elf_arrival_summoners, layout_loops_corners, minivault_28,
          serial_sigils_hangedman_scar, nicolae_shop_clearance
Elf:2:    elven_hall_of_blades_hangedman_original
          [nicolae_blade_entry_pointy_end], layout_loops_cross, serial_shops,
          nicolae_shop_tiny_real_fake_doors
Elf:3:    minmay_elf_hall_circle, layout_onion_city, minmay_shop_grove
Vaults:1: nicolae_vaults_tetromino_Z_1, vaults_room_large_hall,
          nicolae_vaults_lightning_bolt, nicolae_vaults_diamond_2,
          vaults_room_door_ring, vaults_dpeg_ring, nicolae_vaults_mush_room,
          nicolae_vaults_little_squares_2, vaults_dpeg_diagonal,
          hangedman_vaults_snaps, nicolae_vaults_apartment_2, v_pattern_3,
          layout_vaults_ring
Vaults:2: nicolae_vaults_surprise_closet, hangedman_vaults_restitches,
          nicolae_vaults_turnstiles, vaults_room_boxed, nicolae_vaults_oozy_zoo,
          hangedman_vaults_river_flow, ontoclasm_vaults_misaligned,
          minmay_crypt_entry_simple_round, nicolae_vaults_diagonal_hallway_9,
          v_misc_14, v_pattern_4, nicolae_vaults_tangram_1,
          nicolae_vaults_asterisk, layout_vaults_quadrants,
          serial_magic_research, hangedman_research_convocations
Vaults:3: v_rooms_3, nicolae_vaults_octothorpe, v_misc_2, ontoclasm_vaults_chip,
          nicolae_vaults_network_quincunx
          [nicolae_vaults_network_quincunx_subvault,
          nicolae_vaults_network_quincunx_subvault,
          nicolae_vaults_network_quincunx_subvault,
          nicolae_vaults_network_quincunx_subvault,
          nicolae_vaults_network_quincunx_subvault], v_pattern_2,
          nicolae_vaults_trapezoid_2, nicolae_vaults_frosty_reception,
          vaults_room_door_ring, nicolae_vaults_trapezoid_2,
          nicolae_vaults_little_squares_2, nicolae_vaults_little_squares_5,
          st_more_cells, layout_vaults_omnicross
Vaults:4: portal_desolation_entry_holy_temple, nicolae_vaults_two_Ls,
          nicolae_vaults_offset_grid_hallway_4, nicolae_vaults_diamond_2,
          ontoclasm_vaults_ring_large, nicolae_vaults_six-pack,
          hangedman_vaults_slice, nicolae_vaults_double_plus_1,
          nicolae_vaults_twisting_passages, ontoclasm_vaults_tryst,
          nicolae_vaults_closet_pinwheel_6, nicolae_vaults_tangram_2,
          nicolae_vaults_meeting, v_pattern_1, serial_ice_b,
          nicolae_vaults_circle_grid_b, layout_vaults_omnibox
Vaults:5
Depths:1: layout_twisted_cross, enter_ziggurat_c, grunt_metal_band,
          minmay_misc_feat_roman, chequers_serial_rivers_room_b,
          nicolae_the_louvre, uniq_saint_roka
Depths:2: minmay_the_grid_octo_tiled_squarecenter
          [minmay_the_grid_octo_clover_2, minmay_the_grid_octo_vomiting_pacman,
          minmay_the_grid_octo_focus, minmay_the_grid_octo_clover,
          minmay_the_grid_square_5x5_megaprize_checkered,
          minmay_the_grid_square_5x5_intrusive_squares,
          minmay_the_grid_square_5x5_tetrominoes,
          minmay_the_grid_square_5x5_forky,
          minmay_the_grid_square_5x5_broken_cross], layout_cave_pools,
          grunt_pan_entry_zigzag, pf_vacation_house_of_asmodeus,
          nicolae_ru_the_path_less_chosen, uniq_norris
Depths:3: cheibrodos_salmonella, layout_gridville, hell_entry,
          lemuel_doored_altar, abyss_entry, minmay_staircase_bubble,
          uniq_parghit
Depths:4: evilmike_zot_entry_argh, layout_small_grid, serial_bayou_lagoon_a,
          abyss_entry, hell_entry, serial_shops,
          nicolae_shop_bloodbath_and_beyond, nrook_pool_corridor
Zot:1:    regret_index_qazlal_generations, layout_concentric_octagons
Zot:2:    layout_misc_corridors, hangedman_zot_wheel_spokes,
          regret_index_zotdec_glowing_original
Zot:3:    layout_concentric_octagons, regret_index_zotdec_split_disrupt
Zot:4:    layout_concentric_octagons, st_small_dragon_hoard_4
Zot:5:    layout_basic, grunt_megastairs_5

Skill      XL: |  1  2  3  4  5  6  7  8  9 10 11 12 13 14 15 16 17 18 19 20 21 22 23 24 25 26 |
---------------+-------------------------------------------------------------------------------+-----
Fighting       | 4 5 6 7 9 10 11 12 13 15 16 17 18 19 | 19.9
Short Blades   | 1 3 4 6 8 9 10 15 17 | 17.5
Stealth        | 2 4 |  4.2
Armour         | 3 4 5 6 7 9 10 12 14 15 16 18 19 | 19.9
Dodging        | 3 4 5 7 10 12 13 14 15 16 18 19 | 19.9
Long Blades    | 5 7 10 12 13 15 | 15.9
Throwing       | 2 3 4 5 9 12 14 | 14.5
Evocations     | 2 3 4 6 10 13 | 13.0
Shields        | 2 11 15 16 19 | 19.9

Action                     |  1- 3 |  4- 6 |  7- 9 | 10-12 | 13-15 | 16-18 | 19-21 | 22-24 | 25-27 || total
---------------------------+-------+-------+-------+-------+-------+-------+-------+-------+-------++-------
  Melee: Falchion          |    66 |       |       |    79 |  1275 |       |       |       |       ||  1420
         Kick              |    12 |    31 |   130 |   323 |   653 |   559 |  1167 |  1755 |  1176 ||  5806
         Short sword       |    13 |   100 |   338 |   693 |   172 |       |       |       |       ||  1316
         Peck              |     8 |    11 |    67 |   220 |   414 |   380 |   715 |  1131 |   782 ||  3728
         Punch             |       |       |     2 |    11 |    28 |       |       |       |       ||    41
         Great sword       |       |       |       |       |    59 |    92 |       |       |       ||   151
         Scimitar          |       |       |       |       |       |   963 |   824 |       |       ||  1787
         Long sword        |       |       |       |       |       |   167 |       |       |       ||   167
         Quick blade       |       |       |       |       |       |       |  1436 |  2734 |  1832 ||  6002
  Throw: Boomerang         |    34 |       |       |       |       |       |       |       |       ||    34
         Dart              |     6 |     7 |     9 |    12 |    23 |    30 |       |       |       ||    87
         Stone             |       |    12 |       |       |       |       |       |       |       ||    12
         Javelin           |       |     6 |    15 |    24 |    30 |    21 |     5 |     1 |       ||   102
 Invoke: Berserk           |     2 |     6 |     4 |    19 |    22 |    15 |    23 |     7 |     4 ||   102
         Trog's Hand       |       |       |     1 |     5 |    25 |    11 |    29 |    13 |    15 ||    99
         Brothers in Arms  |       |       |       |       |       |       |     4 |    17 |     4 ||    25
  Evoke: Wand              |       |     2 |     2 |    24 |    19 |     2 |     4 |     1 |     2 ||    56
    Use: Scroll            |     2 |       |     7 |     9 |     9 |     9 |    23 |     5 |    15 ||    79
         Potion            |       |       |       |       |     4 |     1 |     1 |     7 |     8 ||    21
   Stab: Sleeping          |       |     1 |       |       |       |    11 |     1 |       |       ||    13
         Distracted        |       |       |     1 |       |       |     3 |    40 |   101 |    63 ||   208
         Invisible         |       |       |       |     2 |       |       |       |     3 |       ||     5
         Held in net/web   |       |       |       |       |       |     1 |       |       |       ||     1
         Petrified         |       |       |       |       |       |     2 |       |       |       ||     2
 Armour: Leather armour    |    37 |     1 |       |       |       |       |       |       |       ||    38
         Chain mail        |       |    11 |       |   260 |   628 |       |   438 |   128 |       ||  1465
         Scale mail        |       |    25 |   126 |    25 |    37 |   446 |       |       |       ||   659
         Gold dragon scale |       |       |       |       |       |       |       |    98 |   323 ||   421
  Dodge: Dodged            |    70 |    39 |   153 |   339 |   956 |   639 |   478 |   361 |   387 ||  3422
  Block: Other             |       |       |       |       |    20 |    15 |       |       |       ||    35
         Reflection        |       |       |       |       |     3 |    16 |   128 |    78 |       ||   225
         Kite shield       |       |       |       |       |       |  1121 |   408 |       |       ||  1529
         Tower shield      |       |       |       |       |       |       |   891 |  1062 |   716 ||  2669
